 Dungeon Crawl Stone Soup version 0.22.1-2-g9c5b331 (webtiles) character file.

4646 nicolaieve the Basher (level 10, -3/76 (77) HPs)
             Began as a Minotaur Berserker on Dec 19, 2018.
             Was an Elder of Trog.
             Killed from afar by an electric eel (6 damage)
             ... with a bolt of electricity
             ... on level 8 of the Dungeon.
             The game lasted 00:22:32 (5970 turns).

nicolaieve the Basher (Minotaur Berserker)          Turns: 5970, Time: 00:22:33

HP:   -3/76 (77)    AC: 18    Str: 22    XL:     10   Next: 20%
MP:   9/9           EV:  8    Int:  4    God:    Trog [****..]
Gold: 444           SH:  4    Dex: 13    Spells: 9/9 levels left

rFire    . . .     SeeInvis +   L - +4 whip
rCold    . . .     Gourm    .   (no shield)
rNeg     + . .     Faith    .   E - +0 plate armour
rPois    .         Spirit   .   (helmet restricted)
rElec    .         Reflect  +   w - +0 cloak
rCorr    .         Harm     .   B - +0 pair of gloves
MR       .....                  (no boots)
Stlth    ..........             r - +4 amulet of reflection
HPRegen  0.22/turn              C - ring of see invisible
MPRegen  0.11/turn              F - ring of positive energy

@: no status effects
A: retaliatory headbutt, horns 2
a: Berserk, Trog's Hand, Brothers in Arms, Renounce Religion


You were on level 8 of the Dungeon.
You worshipped Trog.
Trog was greatly pleased with you.
You were not hungry.

You visited 1 branch of the dungeon, and saw 8 of its levels.

You collected 444 gold pieces.

Inventory:

Hand Weapons
 q - a +0 hunting sling
 I - a +0 morningstar of holy wrath
 J - a +3 flail of venom
 K - a +1 whip of flaming
 L - a +4 whip (weapon)
Missiles
 b - 116 stones (quivered)
 j - 49 sling bullets
Armour
 w - a +0 cloak (worn)
 B - a +0 pair of gloves (worn)
 E - a +0 plate armour (worn)
Jewellery
 e - a +5 ring of intelligence
 r - a +4 amulet of reflection (around neck)
 z - an uncursed amulet of the acrobat
 C - a ring of see invisible (left hand)
 F - a ring of positive energy (right hand)
 M - an uncursed ring of fire
Wands
 a - a wand of flame (28)
Scrolls
 f - a scroll of magic mapping {unknown}
 g - a scroll of fog {unknown}
 l - 3 scrolls of teleportation {unknown}
 p - a scroll of immolation {unknown}
 s - a scroll of enchant weapon {unknown}
 u - a scroll of amnesia {unknown}
 y - 2 scrolls of blinking {unknown}
 G - 2 scrolls of remove curse {unknown}
Potions
 d - 2 potions of resistance
 h - a potion of agility
 i - 2 potions of heal wounds
 k - a potion of invisibility
 m - a potion of might
 n - a potion of lignification
 o - 3 potions of curing
 t - 2 potions of mutation
 v - 4 potions of flight {unknown}
 x - a potion of experience {unknown}
 A - 4 potions of haste
 D - a potion of degeneration {unknown}
Comestibles
 c - 18 rations


   Skills:
 - Level 3.6 Fighting
 - Level 14.0 Maces & Flails
 * Level 11.0 Armour
 - Level 2.1 Dodging


You had 9 spell levels left.
You didn't know any spells.
Your spell library was empty.

Dungeon Overview and Level Annotations

Branches:
Dungeon (8/15)             Temple (0/1) D:6
   Lair: D:8-11

Altars:
Fedhas
Gozag
Hepliaklqana
Nemelex Xobeh
Ru
Vehumet
Wu Jian
Yredelemnul

Shops:
D:4 =   D:6 %


Innate Abilities, Weirdness & Mutations

You reflexively headbutt those who attack you in melee.
You have a pair of horns on your head.


Message History

The electric eel shoots out a bolt of lightning at you!
The bolt of electricity hits you!
The electric eel shoots out a bolt of lightning at you!
The bolt of electricity hits you! x2
* * * LOW HITPOINT WARNING * * *
The electric eel shoots out a bolt of lightning at you!
The bolt of electricity misses you. The bolt of electricity hits you!
* * * LOW HITPOINT WARNING * * *
You whack the electric eel! Your headbutt misses the electric eel.
The electric eel is heavily wounded.
The electric eel shoots out a bolt of lightning at you!
The bolt of electricity misses you. The bolt of electricity hits you!
* * * LOW HITPOINT WARNING * * *
You barely miss the electric eel. You headbutt the electric eel.
The electric eel is severely wounded.
You miss the electric eel.
The electric eel is severely wounded.
The electric eel shoots out a bolt of lightning at you!
The bolt of electricity hits you!
You die...

≈≈≈≈≈≈≈ ;≈≈♣P
≈≈≈≈≈≈≈≈≈≈≈≈≈≈P≈P ≈≈
≈≈≈≈≈≈≈≈≈≈≈≈≈≈P≈≈♣≈
≈♣≈≈≈≈≈≈≈≈≈≈≈P♣≈≈P≈
≈≈≈≈;≈≈≈≈≈≈≈♣≈≈;≈≈♣
P≈≈≈≈≈≈≈≈≈≈PP≈≈≈≈≈♣♣
♣♣♣♣P♣≈≈;≈ ≈P≈≈♣≈≈#####
♣≈♣♣♣≈≈≈♣ ≈;♣;#.....#
...>♣♣≈♣♣♣ #†#@#.###.#
.........#####.#.#.# #.#
.......>.....#.#...# #.#
..........##.#.###.# #.#
#########.#..#.#######.#
#.#............#
#.#.†#†#########
#.#..#†# ###### #.#..#(#


You could see 2 electric eels.

Vanquished Creatures
  Pikel (D:6)
  A gargoyle (D:6)
  Grinder (D:3)
  A hippogriff (D:8)
  A spriggan (D:7)
  Sigmund (D:4)
  Edmund (D:6)
  Duvessa (D:7)
  A water moccasin (D:6)
  A sky beast (D:7)
  3 slaves (D:6)
  3 orc warriors
  4 ogres
  A centaur (D:5)
  2 necrophages
  A bullfrog (D:7)
  Dowan (D:7)
  9 killer bees
  A howler monkey (D:7)
  2 electric eels (D:8)
  3 crimson imps
  4 jellies
  4 orc priests
  2 centaur skeletons
  2 hounds
  Crazy Yiuf (D:3)
  6 orc wizards (D:7)
  Natasha (thrice) (D:3)
  An iguana (D:5)
  8 worker ants
  2 worker ant zombies
  11 adders
  2 oozes
  An adder skeleton (D:5)
  A worm (D:2)
  3 dart slugs
  9 leopard geckos
  33 orcs
  9 giant cockroaches
  8 goblins
  9 hobgoblins
  11 jackals
  10 kobolds
  5 quokkas
  6 bats
  8 frilled lizards
  3 leopard gecko skeletons
  A leopard gecko zombie (D:7)
  A quokka skeleton (D:8)
  A quokka zombie (D:5)
  4 rats
209 creatures vanquished.

Vanquished Creatures (others)
  A centaur (D:7)
  A leopard gecko (D:8)
  A plant (D:8)
3 creatures vanquished.

Grand Total: 212 creatures vanquished

Notes
Turn   | Place    | Note
-------+----------+-------------------------------------------
     0 | D:1      | nicolaieve the Minotaur Berserker began the quest for the
                  | Orb.
     0 | D:1      | Reached XP level 1. HP: 19/19 MP: 0/0
    13 | D:1      | Reached skill level 4 in Maces & Flails
    75 | D:1      | Reached XP level 2. HP: 17/26 MP: 1/1
   364 | D:1      | Reached skill level 5 in Maces & Flails
   373 | D:1      | Reached XP level 3. HP: 31/31 MP: 2/2
   829 | D:2      | Reached ** piety under Trog
   851 | D:2      | Found an ornate altar of the Wu Jian Council.
   888 | D:2      | Found a hazy altar of Hepliaklqana.
   899 | D:2      | Reached skill level 6 in Maces & Flails
   899 | D:2      | Reached XP level 4. HP: 36/39 MP: 3/3
  1134 | D:2      | Found a sacrificial altar of Ru.
  1411 | D:3      | Noticed Grinder
  1428 | D:3      | Killed Grinder
  1428 | D:3      | Reached skill level 8 in Maces & Flails
  1428 | D:3      | Reached XP level 5. HP: 6/45 MP: 4/4
  1428 | D:3      | Reached XP level 6. HP: 6/51 MP: 5/5
  1726 | D:3      | Reached *** piety under Trog
  1974 | D:3      | Noticed Natasha
  1980 | D:3      | Killed Natasha
  2060 | D:3      | Noticed Natasha
  2067 | D:3      | Killed Natasha
  2067 | D:3      | Reached skill level 9 in Maces & Flails
  2081 | D:3      | Noticed Natasha
  2092 | D:3      | Killed Natasha
  2181 | D:3      | Found a runed door.
  2337 | D:3      | Noticed Crazy Yiuf
  2347 | D:3      | Killed Crazy Yiuf
  2391 | D:4      | Reached XP level 7. HP: 44/57 MP: 6/6
  2543 | D:4      | Reached skill level 10 in Maces & Flails
  2555 | D:4      | Found Arogerr's Jewellery Shoppe.
  2822 | D:4      | Found an opulent altar of Gozag.
  2822 | D:4      | Noticed Sigmund
  2827 | D:4      | Killed Sigmund
  2827 | D:4      | Reached skill level 11 in Maces & Flails
  2918 | D:5      | Entered Level 5 of the Dungeon
  2988 | D:5      | Reached XP level 8. HP: 51/64 MP: 7/7
  3101 | D:5      | Reached skill level 12 in Maces & Flails
  3308 | D:5      | Found a blossoming altar of Fedhas.
  3686 | D:6      | Reached **** piety under Trog
  3734 | D:6      | Found Mearphemu's Food Emporium.
  3748 | D:6      | Found a staircase to the Ecumenical Temple.
  3830 | D:6      | Noticed Edmund
  3845 | D:6      | Killed Edmund
  3845 | D:6      | Reached skill level 13 in Maces & Flails
  3920 | D:6      | Noticed a gargoyle
  3931 | D:6      | Killed a gargoyle
  3931 | D:6      | Reached XP level 9. HP: 16/69 MP: 8/8
  4023 | D:6      | Found a radiant altar of Vehumet.
  4034 | D:6      | Received a gift from Trog
  4243 | D:6      | Noticed Pikel
  4250 | D:6      | Killed Pikel
  4250 | D:6      | Reached skill level 14 in Maces & Flails
  4250 | D:6      | Reached skill level 5 in Armour
  4381 | D:7      | Noticed Duvessa
  4382 | D:7      | Noticed Dowan
  4389 | D:7      | Killed Duvessa
  4390 | D:7      | Killed Dowan
  4860 | D:7      | Found a sparkling altar of Nemelex Xobeh.
  4933 | D:7      | Received a gift from Trog
  5219 | D:7      | Reached skill level 10 in Armour
  5219 | D:7      | Reached XP level 10. HP: 76/76 MP: 9/9
  5254 | D:7      | Found a basalt altar of Yredelemnul.
  5968 | D:8      | HP: 3/76 [electric eel/bolt of electricity (8)]
  5970 | D:8      | Killed from afar by an electric eel

Skill      XL: |  1  2  3  4  5  6  7  8  9 10 |
---------------+-------------------------------+-----
Maces & Flails | 4 5 6 8 9 11 13 14 | 14.0
Armour         | 4 10 11 | 11.0
Fighting       | |  3.6
Dodging        | |  2.1

Action                   |  1- 3 |  4- 6 |  7- 9 | 10-12 || total
-------------------------+-------+-------+-------+-------++-------
Melee: Mace              |    67 |   129 |   129 |       ||   325
       Headbutt          |     7 |    26 |    65 |    12 ||   110
       Flail             |       |       |    89 |       ||    89
       Whip              |       |       |    91 |    53 ||   144
Invok: Berserk           |       |     1 |     7 |     2 ||    10
       Trog's Hand       |       |     2 |     4 |       ||     6
  Use: Scroll            |       |       |     7 |       ||     7
 Stab: Sleeping          |     1 |       |       |       ||     1
  Eat: Chunk             |       |     6 |    17 |     4 ||    27
       Ration            |       |       |       |     1 ||     1
Armor: Animal skin       |    14 |       |       |       ||    14
       Ring mail         |     6 |    23 |       |       ||    29
       Chain mail        |       |    16 |    41 |       ||    57
       Scale mail        |       |     3 |       |       ||     3
       Plate armour      |       |       |    76 |    22 ||    98
Dodge: Dodged            |    49 |    73 |    79 |    20 ||   221
Block: Other             |       |     5 |    39 |     4 ||    48
       Reflection        |       |       |     3 |       ||     3
